Cogmind - Beta 12 @@@ ROGUE MODE // 2023.03.07 @ 15:32:50 Player: Elxavo Result: Destroyed by G-47 Trooper with Particle Gun Performance ------------- Evolutions (2) 1000 Regions Visited (5) 1000 Robots Destroyed (37) 185 Value Destroyed (1159) 1159 Prototype IDs (25) 500 Alien Tech Used (0) 0 Bonus (300) 300 TOTAL SCORE: 4144 Bonus ------- Aligned with FarCom 300 Cogmind --------- Core Integrity 0/550 Matter 300/300 Energy 125/125 System Corruption 0% Temperature Cool (20) Movement Flying (197) Ox2 Location -8/Materials Parts ------- > --- POWER (2) -------- Light Ion Engine > --- PROPULSION (2) --- Xenon Bombardment Thruster Xenon Bombardment Thruster > --- UTILITY (3) ------ Small Storage Unit Improved Propulsion Shielding PSU Rigger > --- WEAPON (4) ------- Firepult > --- INVENTORY (8) ---- Light Nuclear Core Transport Network Coupler Improved Medium Armor Plating Supersonic Drone Bay (1/1) Light Assault Rifle Heavy Hammer Peak State ------------ > --- POWER ------------ Light Ion Engine > --- PROPULSION ------- Xenon Bombardment Thruster Xenon Bombardment Thruster > --- UTILITY ---------- Small Storage Unit Improved Propulsion Shielding PSU Rigger > --- WEAPON ----------- Particle Gun Firepult > --- INVENTORY -------- Light Nuclear Core Transport Network Coupler Improved Medium Armor Plating Supersonic Drone Bay Light Assault Rifle Heavy Hammer [Rating: 44] Favorites ----------- Power Ion Engine Engine Ion Engine Power Core Light Nuclear Core Propulsion Hover Unit Treads Light Treads Leg Carbon-fiber Leg Hover Unit Hover Unit Flight Unit Flight Unit Utility Small Storage Unit Device Structural Scanner Storage Small Storage Unit Protection Improved Propulsion Shielding Weapon Light Assault Rifle Energy Gun Particle Gun Energy Cannon Firepult Ballistic Gun Light Assault Rifle Build | -11 -10 -10 -10 -9 -8 ------- Run | Jun Mat Min Exi Min Mat Slots Evolved 4 | . . . . . 4 Power 1 | . . . . . 1 Propulsion . | . . . . . . Utility 1 | . . . . . 1 Weapon 2 | . . . . . 2 Parts Attached 36 | 8 . 4 1 2 21 Power 6 | 1 . . . 1 4 Engine 5 | 1 . . . 1 3 Core 1 | . . . . . 1 Reactor . | . . . . . . Propulsion 12 | 3 . 2 . 1 6 Treads 1 | 1 . . . . . Leg 5 | 2 . . . . 3 Wheel . | . . . . . . Hover 2 | . . 2 . . . Flight 4 | . . . . 1 3 Utility 6 | 2 . 1 . . 3 Device 4 | 1 . 1 . . 2 Storage 1 | 1 . . . . . Processor . | . . . . . . Hackware . | . . . . . . Protection 1 | . . . . . 1 Artifact . | . . . . . . Weapon 12 | 2 . 1 1 . 8 Energy Gun 3 | 1 . . . . 2 Energy Cannon 1 | . . . . . 1 Ballistic Gun 8 | 1 . 1 1 . 5 Ballistic Cannon . | . . . . . . Launcher . | . . . . . . Special Weapon . | . . . . . . Impact Weapon . | . . . . . . Slashing Weapon . | . . . . . . Piercing Weapon . | . . . . . . Special Melee Weapon . | . . . . . . Unidentified Prototypes . | . . . . . . Parts Lost 15 | . . 2 . 2 11 Power 3 | . . . . 1 2 Propulsion 4 | . . . . 1 3 Utility 2 | . . 1 . . 1 Weapon 6 | . . 1 . . 5 Highest Loss Streak 9 | . . 2 . 2 9 To Critical Strikes . | . . . . . . Average Slot Usage (%) 92 | . 100 95 100 85 88 Engine 12 | . 14 14 14 13 11 Leg 7 | . 28 9 . . 9 Hover 9 | . . 18 28 8 . Flight 3 | . . . . 5 6 Device 15 | . 14 12 14 14 16 Storage 11 | . 14 14 14 14 9 Energy Gun 2 | . 14 . . . 3 Ballistic Gun 26 | . 14 25 28 28 28 Naked Turns . | . . . . . . Heaviest Build 37 | 15 15 14 14 13 37 Greatest Support 30 | 20 20 20 12 6 30 Greatest Overweight (x) 5 | . . 1 1 3 5 Average Overweight (x) 1 | . . . 1 2 1 Largest Inventory Capacity 8 | 8 8 8 8 8 8 Average Capacity 7 | 6 8 8 8 8 8 Most Carried 8 | 5 8 8 8 8 8 Average Carried 7 | 3 6 7 7 7 7 Final Capacity 8 | 8 8 8 8 8 8 Final Carried 8 | 3 8 8 8 8 6 Class Distribution -------------------- 57% | Mutant 20% | Scavenger-Skirmisher 15% | Skirmisher 6% | Scavenger-Mutant Dominant Class ---------------- Mutant | -10/Materials Mutant | -10/Mines Mutant | -10/Exiles Mutant | -9/Mines Scavenger-Skirmisher | -8/Materials Resources | -11 -10 -10 -10 -9 -8 ----------- Run | Jun Mat Min Exi Min Mat Matter Collected 1015 | 272 35 72 20 34 582 Remotely . | . . . . . . Salvage Created 1436 | 15 93 98 . 87 1143 Parts 71 | 3 3 14 . 3 48 Haulers Intercepted . | . . . . . . Recyclers Shooed 1 | . . . . . 1 Parts Field Recycled . | . . . . . . Retrieved Matter . | . . . . . . Parts Self-Destructed . | . . . . . . Prevented . | . . . . . . Kills | -11 -10 -10 -10 -9 -8 ------- Run | Jun Mat Min Exi Min Mat Combat Hostiles Destroyed 30 | . 2 6 . 2 20 Guns 21 | . 2 6 . 2 11 Cannons 2 | . . . . . 2 AOE 5 | . . . . . 5 Classes Destroyed 10 | 1 1 1 . . 7 Worker 2 | . . . . . 2 Builder 1 | . . . . . 1 Tunneler 1 | 1 . . . . . Recycler 1 | . . . . . 1 Watcher 2 | . . . . . 2 Swarmer 9 | . . 6 . . 3 Grunt 12 | . 2 . . 2 8 Sentry 6 | . . . . . 6 Hunter 2 | . . . . . 2 Heavy 1 | . . . . . 1 Best Kill Streak 6 | 1 2 6 . 1 6 Combat Bots Only 6 | . 2 6 . 1 6 Max Kills in Single Turn 3 | 1 1 1 . 1 3 Gunslinging . | . . . . . . Exploded 2 | . . . . . 2 Melee . | . . . . . . Uniques/NPCs Destroyed . | . . . . . . Combat | -11 -10 -10 -10 -9 -8 -------- Run | Jun Mat Min Exi Min Mat Damage Taken 2613 | . 100 376 . 183 1954 Core 665 | . 18 60 . 30 557 Absorbed by Shields . | . . . . . . Redirected to Shielding 57 | . . . . . 57 Core Remaining (%) 78 | 100 . . . 56 . Volleys Fired 81 | 1 8 11 . 12 49 Largest 4 | 2 2 2 . 2 4 Hottest 250 | 60 60 60 . 40 250 Shots Fired 200 | 2 16 18 . 24 140 Gun 196 | 2 16 18 . 24 136 Cannon 4 | . . . . . 4 Launcher . | . . . . . . Special . | . . . . . . Kinetic 176 | 1 8 16 . 24 127 Thermal 13 | . . . . . 13 Explosive . | . . . . . . Electromagnetic 11 | 1 8 2 . . . Robot Hit Streak 8 | 2 7 4 . 7 8 Robot Miss Streak 9 | . 6 9 . 6 6 Penetration Max . | . . . . . . Secondary Targets 4 | . . 2 . 1 1 Max Gunslinging Chain 1 | . . 1 . 1 1 Shots Hit Robots 110 | 2 7 10 . 13 78 Core Hits 63 | 1 3 7 . 6 46 Critical Kills 1 | . 1 . . . . Critical Parts Destroyed . | . . . . . . Critical Strikes 1 | . 1 . . . . Destroy 1 | . 1 . . . . Melee Attacks . | . . . . . . Impact . | . . . . . . Slashing . | . . . . . . Piercing . | . . . . . . Sneak Attacks . | . . . . . . Combat Hostiles . | . . . . . . Follow-up Attacks . | . . . . . . Damage Inflicted 2198 | 27 83 107 . 110 1871 Guns 1580 | 27 83 107 . 110 1253 Cannons 157 | . . . . . 157 Explosions 461 | . . . . . 461 Melee . | . . . . . . Ramming . | . . . . . . Kinetic 1417 | 14 43 107 . 110 1143 Thermal 728 | . . . . . 728 Explosive . | . . . . . . Electromagnetic 53 | 13 40 . . . . Impact . | . . . . . . Slashing . | . . . . . . Piercing . | . . . . . . Highest Corruption . | . . . . . . Average Corruption . | . . . . . . Corruption Purged . | . . . . . . Corruption Blocked . | . . . . . . Overload Shots . | . . . . . . Overflow Damage . | . . . . . . Projectiles . | . . . . . . Explosions . | . . . . . . Melee . | . . . . . . Knockbacks . | . . . . . . Impact . | . . . . . . Kinetic . | . . . . . . Secondary . | . . . . . . Self-Inflicted Damage 73 | . . . . . 73 Shots 6 | . . . . . 6 Rammed . | . . . . . . Targets Rammed . | . . . . . . Kicked . | . . . . . . Crushed . | . . . . . . Highest Temperature 337 | . 51 . . 26 337 Average Temperature 95 | . 33 . . 10 111 Received Heat Transfer 645 | . 51 . . 108 486 Effects 2 | . . . . . 2 Interference 2 | . . . . . 2 Siege Activations . | . . . . . . Robots Corrupted . | . . . . . . Combat Hostiles . | . . . . . . Parts Fried . | . . . . . . Impact Corruptions . | . . . . . . Robots Melted 2 | . . . . . 2 Combat Hostiles 2 | . . . . . 2 Parts Melted 17 | . . . . . 17 Heat Transferred 3379 | . . . . . 3379 Parts Sabotaged . | . . . . . . Parts Stolen . | . . . . . . Parts Stripped . | . . . . . . Power Chain Reactions . | . . . . . . Missiles Intercepted . | . . . . . . Alert | -11 -10 -10 -10 -9 -8 ------- Run | Jun Mat Min Exi Min Mat Peak Influence 247 | 5 68 161 . 30 247 Initial 26 | . 3 26 . . 11 Average 60 | 2 42 136 . 27 68 Maximum Alert Level 1 | . . . . . 1 Low Security (%) 99 | 100 100 100 . 100 98 Level 1 . | . . . . . 1 Level 2 . | . . . . . . Level 3 . | . . . . . . Level 4 . | . . . . . . Level 5 . | . . . . . . High Security . | . . . . . . Max Security . | . . . . . . Squads Dispatched 6 | . . . . . 6 Investigation 1 | . . . . . 1 Extermination . | . . . . . . Reinforcement 3 | . . . . . 3 Assault . | . . . . . . Garrison 2 | . . . . . 2 Intercept . | . . . . . . Searches Triggered . | . . . . . . Construction Impeded 1 | . . . . . 1 Haulers Reinforced . | . . . . . . Active Scanning Responses . | . . . . . . Cargo Convoy Interrupts . | . . . . . . Stealth | -11 -10 -10 -10 -9 -8 --------- Run | Jun Mat Min Exi Min Mat Distress Signals 3 | . . . . . 3 Communications Jammed . | . . . . . . Distress Signals . | . . . . . . Times Spotted 44 | . 4 6 . 5 29 Peak Tracking Total 9 | . 2 6 . 2 9 Tactical Retreats 1 | . . . . . 1 Traps | -11 -10 -10 -10 -9 -8 ------- Run | Jun Mat Min Exi Min Mat Traps Triggered 2 | . . . . . 2 Indirectly . | . . . . . . Trap Hack Attempts . | . . . . . . Triggered . | . . . . . . Disarmed . | . . . . . . Reprogrammed . | . . . . . . Reused . | . . . . . . Traps Extracted . | . . . . . . Installed . | . . . . . . Triggered . | . . . . . . Machines | -11 -10 -10 -10 -9 -8 ---------- Run | Jun Mat Min Exi Min Mat Machines Disabled 2 | . . 1 . . 1 Max in Single Turn 1 | . . 1 . . 1 Machines Repaired . | . . . . . . Machines Sabotaged . | . . . . . . Overloaded Fab Kills . | . . . . . . Hacking | -11 -10 -10 -10 -9 -8 --------- Run | Jun Mat Min Exi Min Mat Machines Accessed 9 | . . . 5 . 4 Terminals 3 | . . . . . 3 Fabricators . | . . . . . . Repair Stations . | . . . . . . Recycling Units . | . . . . . . Scanalyzers 1 | . . . . . 1 Garrison Access . | . . . . . . Total Hacks 59 | . . . 50 . 9 Successful 56 | . . . 50 . 6 Failed 3 | . . . . . 3 Catastrophic . | . . . . . . Database Lockouts . | . . . . . . Manual 4 | . . . 4 . . Terminals 8 | . . . . . 8 Fabricators . | . . . . . . Repair Stations . | . . . . . . Recycling Units . | . . . . . . Scanalyzers 1 | . . . . . 1 Garrison Access . | . . . . . . Terminal Hacks 56 | . . . 50 . 6 Record 52 | . . . 49 . 3 Prototype ID Bank 1 | . . . . . 1 Dispatch Records 1 | . . . . . 1 Zone Layout 1 | . . . . . 1 EX-Prototype ID Bank 1 | . . . 1 . . Fabricator Hacks . | . . . . . . Repair Station Hacks . | . . . . . . Recycling Unit Hacks . | . . . . . . Scanalyzer . | . . . . . . Garrison Access Hacks . | . . . . . . Unauthorized Hacks . | . . . . . . Terminals . | . . . . . . Fabricators . | . . . . . . Repair Stations . | . . . . . . Recycling Units . | . . . . . . Scanalyzers . | . . . . . . Garrison Access . | . . . . . . Data Cores Recovered . | . . . . . . Used . | . . . . . . Hacking Detections 1 | . . . . . 1 Full Trace Events . | . . . . . . Feedback Events . | . . . . . . Feedback Blocked . | . . . . . . Robot Schematics Acquired . | . . . . . . Robots Built . | . . . . . . Authchips . | . . . . . . Time . | . . . . . . Total Robot Build Rating . | . . . . . . Part Schematics Acquired . | . . . . . . Parts Built . | . . . . . . Authchips . | . . . . . . Time . | . . . . . . Total Part Build Rating . | . . . . . . Parts Repaired . | . . . . . . Time . | . . . . . . Parts Recycled . | . . . . . . Recycled Matter . | . . . . . . Retrieved Matter . | . . . . . . Retrieved Components . | . . . . . . Parts Scanalyzed . | . . . . . . Part Schematics Acquired . | . . . . . . Parts Damaged . | . . . . . . Bothacking | -11 -10 -10 -10 -9 -8 ------------ Run | Jun Mat Min Exi Min Mat Used RIF Installer . | . . . . . . Robots Hacked . | . . . . . . Non-combat . | . . . . . . Combat . | . . . . . . Robot Hacks Applied . | . . . . . . Relay Couplers Released . | . . . . . . Fabnet Peak Effective % . | . . . . . . Robots Rewired . | . . . . . . Allies Hacked . | . . . . . . Hacks Repelled . | . . . . . . Allies | -11 -10 -10 -10 -9 -8 -------- Run | Jun Mat Min Exi Min Mat Total Allies . | . . . . . . Largest Group . | . . . . . . Highest-Rated Group . | . . . . . . Highest-Rated Ally . | . . . . . . Total Orders . | . . . . . . Ally Attacks . | . . . . . . Total Damage . | . . . . . . Kills . | . . . . . . Allies Corrupted . | . . . . . . Allies Melted . | . . . . . . Intel | -11 -10 -10 -10 -9 -8 ------- Run | Jun Mat Min Exi Min Mat Robot Analysis Total . | . . . . . . Derelict Logs Recovered 1 | . . . . 1 . Drone Launches . | . . . . . . Drone Recoveries . | . . . . . . Exploration | -11 -10 -10 -10 -9 -8 ------------- Run | Jun Mat Min Exi Min Mat Turns Passed 2752 | 70 182 101 771 298 1330 Spaces Moved 1595 | 44 126 55 657 124 589 Core 9 | 9 . . . . . Treads 7 | 7 . . . . . Legs 555 | 28 126 4 . . 397 Wheels . | . . . . . . Hover 788 | . . 51 657 80 . Flight 236 | . . . . 44 192 Fastest Speed 50 | 50 120 116 116 120 120 Average Speed 150 | 112 120 116 116 213 188 Slowest Speed 440 | 160 120 120 116 280 440 Overloaded Moves . | . . . . . . Propulsion Burnouts . | . . . . . . Robots Hopped . | . . . . . . Cave-ins Triggered . | . . . . . . Exploration Rate (%) 36 | 4 26 9 93 36 51 Regions Visited 5 Branch Regions 3 Pre-discovered Areas 2 | . . . 1 1 . Known Exits Taken . | . . . . . . Unknown Exits Taken 5 | 1 1 1 1 1 . Scrap Searched 1 | . . . . 1 . Spaces Dug . | . . . . . . Terrain Destroyed 20 | . . . . . 20 Melee . | . . . . . . Projectile . | . . . . . . AOE 20 | . . . . . 20 Terrain Rammed . | . . . . . . Walls Destroyed . | . . . . . . Machines Disabled . | . . . . . . Actions | -11 -10 -10 -10 -9 -8 --------- Run | Jun Mat Min Exi Min Mat Total 1794 | 61 142 75 668 139 709 Wait 25 | . . . . . 25 Move 1590 | 43 125 54 656 123 589 Hop . | . . . . . . Pick Up 38 | 8 7 4 5 1 13 Fast Attach 12 | 3 . . . 1 8 Attach 17 | 5 . 2 . 1 9 Detach . | . . . . . . Swap 7 | . . 2 1 . 4 Drop 24 | 1 2 2 6 1 12 Fire 81 | 1 8 11 . 12 49 Melee . | . . . . . . Ram . | . . . . . . Kick . | . . . . . . Crush . | . . . . . . Escape Stasis . | . . . . . . Rewire . | . . . . . . Trap . | . . . . . . Miscellaneous . | . . . . . . Route ------- -11/Junkyard -10/Materials (discovered 2 exits: [*Mat] / [*Min]) -10/Mines -10/Exiles (discovered 2 exits: [*Min x2]) -9/Mines -8/Materials History --------- Turn | Location | Event 7 | -11/Junkyard | Discovered new exit (range 15) 71 | -11/Junkyard | Entered Materials 172 | -10/Materials | Discovered new exit (range 8) 240 | -10/Materials | Discovered new exit (range 12) 253 | -10/Materials | Entered Mines 314 | -10/Mines | Build established: Mutant 347 | -10/Mines | Deemed a non-threat by the Exiles lab entrance 347 | -10/Mines | Discovered new exit (range 6) 354 | -10/Mines | Entered Exiles 387 | -10/Exiles | Met 8R-AWN 403 | -10/Exiles | Met EX-HEX 451 | -10/Exiles | Met EX-DEC 470 | -10/Exiles | Learned location of Zion (-6) 581 | -10/Exiles | Visited The Gauntlet 795 | -10/Exiles | Discovered new exit (range 12) 890 | -10/Exiles | Met EX-BIN 913 | -10/Exiles | Aligned with FarCom system 915 | -10/Exiles | Given EX-Vault access code 969 | -10/Exiles | Opened EX-Vault 976 | -10/Exiles | Found Prototype Energy Cannon 980 | -10/Exiles | Found Prototype Device 982 | -10/Exiles | Found Prototype Device 986 | -10/Exiles | Identified Supersonic Drone Bay 986 | -10/Exiles | Identified PSU Rigger 986 | -10/Exiles | Identified Firepult 1023 | -10/Exiles | Warned to stay clear of 0b10 Research branches 1111 | -10/Exiles | Discovered new exit (range 14) 1125 | -10/Exiles | Stole three prototypes: Firepult, Supersonic Drone Bay, PSU Rigger 1125 | -10/Exiles | Entered Mines 1409 | -9/Mines | Discovered new exit (range 5) 1415 | -9/Mines | Learned location of Storage (-9) 1423 | -9/Mines | Entered Materials 1423 | -8/Materials | Evolved 4 slots: Power x1, Utility x1, Weapon x2 1741 | -8/Materials | Build established: Skirmisher 2142 | -8/Materials | Build established: Scavenger-Skirmisher 2610 | -8/Materials | Garrison activated, responded to threat 2635 | -8/Materials | Core integrity fell below 50% 2655 | -8/Materials | Lost 9 parts (2p2n1u4w) 2661 | -8/Materials | Core integrity fell below 20% 2753 | -8/Materials | Destroyed by G-47 Trooper with Particle Gun Last Messages --------------- 02684_ Lgt. Ion Engine melted. 02684_ K-01 Serf destroyed. 02684_ Melted Lgt. Treads. 02684_ Y-45 Defender critical meltdown. 02684_ Hvy. Assault Rifle melted. 02684_ Imp. Ion Engine melted. 02684_ ALERT: Construction progress impeded, dispatching reinforcements to local area. 02687_ K-01 Serf heat damages Wheel. 02688_ U-05 Engineer lays Concrete. 02694_ Acquired 10 matter. 02696_ U-05 Engineer lays Concrete. 02703_ Particle Gun destroyed. 02704_ U-05 Engineer lays Concrete. 02719_ T-07 Excavator is excavating. 02728_ U-05 Engineer lays Concrete. 02738_ Firepult emits an uncontrolled burst of heat. 02738_ Several Firepult components seem to have fused. 02738_ Lgt. Nuclear Core melted. 02738_ G-47 Trooper destroyed. Map ----- +----------------------------------------------------+ | ???????????????????????????#"""* # %=#??????? | | ####???????????????????????????# #=!%#??????? | | ??????????????????????????????####### #%% ##?????? | | ????????????????????????????### #### #! "#?????? | | ######?????????????????????## /// "#?????? | | #????????????????? / // % "#?????? | | #??????????????????????# // #######? | | #??????????????????????# # | | #???????????????????###"""######## #######? | | [ #???????????????????# ####### #?????? | | #???????????????????# #?????? | | #???????????????????# ! #?????? | | ! #???????????????????# [% #?????? | | ##??????????????????# *% ### ### ! #?????? | | #######??????????????????# g ### #"""###?????? | | #### ##?????????????# [ ??# #####???????? | | ####+##?????????????# #??## #???????????? | | !# ##?????????????# #???#####???????????? | | = # ##?????????????# #???????????????????? | | ![ # ##?????????????# #???????????????????? | | =%# ##?????????????# #???????????????????? | | ## / ##???????????### w #???????????????????? | | ## [# ##???????????# #???????????????????? | | ## # ##???????????# #???????????????????? | | ## #] ##???????????+ #???????????????????? | | # ! ##???????????# @ #???????????????????? | | #######???????????# #???????????????????? | | #######???????????#o ##???????????????????? | | ## ##????????????????# #????????????????????? | | ## ##????????????????# #????????????????????? | | ## ##????????????????# #????????????????????? | | ## ##????????????????# #????????????????????? | | # ##????????????????# #????????????????????? | | # ##????????????????#k #????????????????????? | | =# ##????????????????# #????????????????????? | | # ##????????????????# #????????????????????? | | # ##????????????????# #????????????????????? | | # ##???????????????? #????????????????????? | | # ##???????????????? #????????????????????? | | # ##???????????????? +????????????????????? | | # ##????????????????T# ?????????????????????? | | # ##??????????????????????????????????????????? | | + ##??????????????????????????????????????????? | | # ######??????????????????????????????????????? | | ## ######??????????????????????????????????????? | | !!##??????????????????????????????????????? | | [ !##??????????????????????????????????????? | | ! ==##??????????????????????????????????????? | | ! ##??????????????????????????????????????? | | //##??????????????????????????????????????? | +----------------------------------------------------+ Best States ------------- Heat Dissipation 31 Energy Generation 21 Energy Capacity 325 Matter Stores 300 Matter Capacity 300 Sight Range 16 Terrain Scan Range 16 Terrain Scan Density 10 Propulsion Shielding 66 Evasion (%) 62 Recoil Reduction 1 Item Schematics ----------------- None Robot Schematics ------------------ None Fabricated ------------ Nothing Alien Tech Used ----------------- None Achievements -------------- None Challenges ------------ None Game ------ Seed WeaponHellfireMachine Manual? 0 Play Time 00:53:16 Cumulative 12.9 hours Start 2023.03.07 @ 14:36:42 End 2023.03.07 @ 15:32:50 Sessions 1 Manual Loads 0 Difficulty Rogue Special Mode None Game No. 12 Rogue 12 Adventurer 0 Explorer 0 Win Type - Total 0 Types 0/0/0/0/0/0/0/0/0 Lore% 15 Gallery% 14 Achievement% 13 Wizard Run 0 Options --------- ASCII 0 Keyboard 0 Movement Mouse Keybinds 0 Fullscreen 1 Font 16/Terminus Map View 76x50 Tactical HUD 1 Map Filters NONE Filters NONE Steam 1 RUN: e8941f64-36d5-4caf-8af1-29f2b1f2e732